[Event "European Womens-ch 2025"]
[Site "Rhodes"]
[Date "2025.04.09"]
[Round "9.63"]
[White "Saraci, Ndriqona"]
[Black "Kiousi, Panagiota"]
[Result "0-1"]
[Annotator "NA"]
[ECO "B51"]
[WhiteElo "1692"]
[BlackElo "1998"]
[PlyCount "109"]
[EventDate "2025.03.29"]
[EventType "swiss"]
[EventCountry "GRE"]
[SourceTitle "playchess.com"]
[Source "ChessBase"]
[SourceQuality "1"]
[TimeControl "40/5400+30:1800+30"]

1. e4 c5 2. Nf3 d6 3. Bb5+ Nd7 4. c4 Ngf6 5. Nc3 a6 6. Ba4 g6 7. O-O Bg7 8. d4 cxd4 9. Nxd4 O-O 10. Bxd7 Bxd7 11. a4 Rc8 12. Qd3 Ng4 13. Nf3 Re8 14. Bd2 Qc7 15. b3 b5 16. axb5 axb5 17. Nd5 Qb7 18. Rac1 Bc6 19. h3 Ne5 20. Nxe5 dxe5 21. f3 Red8 22. Qe2 Rb8 23. Rfe1 bxc4 24. bxc4 e6 25. Ne3 Qa7 26. Kh1 Rb2 27. Rc2 Rxc2 28. Nxc2 Qa2 29. Be3 Ba4 30. Nb4 Qb3 31. Na6 Bc6 32. Nc5 Qb4 33. Rc1 Qa3 34. Rb1 Bf8 35. Qf2 Rc8 36. Rb3 Qa5 37. Nd3 Qa1+ 38. Kh2 Ra8 39. Qe1 Qa4 40. Rc3 Rb8 41. Qf2 Qa1 42. Rc1 Qa3 43. Rd1 Rd8 44. Qe2 Qb3 45. Nxe5 Rxd1 46. Nxc6 Qb1 47. c5 Rh1+ 48. Kg3 Qb7 49. Ne5 Qc7 50. f4 Bxc5 51. Bxc5 Qxc5 52. Qd3 h5 53. Qd8+ Kg7 54. Qd7 Qe3+ 55. Nf3 0-1

[Event "European Womens-ch 2025"]
[Site "Rhodes"]
[Date "2025.04.09"]
[Round "9.64"]
[White "Kalyva, Kyriaki"]
[Black "Lamprianou, Marianna"]
[Result "1-0"]
[Annotator "NA"]
[ECO "D35"]
[WhiteElo "1885"]
[BlackElo "1498"]
[PlyCount "97"]
[EventDate "2025.03.29"]
[EventType "swiss"]
[EventCountry "GRE"]
[SourceTitle "playchess.com"]
[Source "ChessBase"]
[SourceQuality "1"]
[TimeControl "40/5400+30:1800+30"]

1. d4 d5 2. c4 Nf6 3. Nc3 e6 4. cxd5 exd5 5. Bg5 Be7 6. e3 a6 7. Bd3 Nc6 8. a3 Be6 9. Nge2 Qd7 10. Qc2 h6 11. Bh4 O-O 12. O-O Rfe8 13. Rac1 Rac8 14. Na4 Na7 15. Nc5 Qc6 16. Qb3 Bxc5 17. Rxc5 Qb6 18. Qc2 Nd7 19. Rc3 Nb5 20. Bxb5 Qxb5 21. Rc1 Nf8 22. Bg3 Bf5 23. Qd2 c6 24. f3 Nd7 25. Bf2 Re6 26. Nf4 Rd6 27. Re1 Re8 28. b4 a5 29. bxa5 Qxa5 30. Qb2 b5 31. Qc1 Qa6 32. Nh5 Rb8 33. Ng3 Bg6 34. e4 f6 35. Qf4 Re6 36. Qg4 Bf7 37. Nf5 g5 38. Nxh6+ Kf8 39. Nxf7 Kxf7 40. f4 Rh8 41. fxg5 fxg5 42. Rf3+ Ke8 43. Qxe6+ Kd8 44. exd5 Qc8 45. Bg3 Ne5 46. Qf6+ Kd7 47. Rxe5 Re8 48. Qf7+ Re7 49. Qxe7# 1-0

[Event "European Womens-ch 2025"]
[Site "Rhodes"]
[Date "2025.04.09"]
[Round "9.65"]
[White "Mitraka, Chrysoula-Paraskevi"]
[Black "Korinioti, Myrto"]
[Result "1-0"]
[Annotator "NA"]
[ECO "D31"]
[WhiteElo "1820"]
[BlackElo "1667"]
[PlyCount "69"]
[EventDate "2025.03.29"]
[EventType "swiss"]
[EventCountry "GRE"]
[SourceTitle "playchess.com"]
[Source "ChessBase"]
[SourceQuality "1"]
[TimeControl "40/5400+30:1800+30"]

1. d4 d5 2. c4 e6 3. Nc3 Be7 4. cxd5 exd5 5. Nf3 c6 6. Qc2 g6 7. Bf4 Bf5 8. Qb3 Qc8 9. Rc1 Nf6 10. Nxd5 Nxd5 11. Be5 O-O 12. Nd2 Bb4 13. f3 Bxd2+ 14. Kxd2 Be6 15. e4 Nb6 16. Qe3 f6 17. Bd6 Rf7 18. Bd3 Qd8 19. Ba3 Rd7 20. b3 Rxd4 21. Bb2 Rd6 22. e5 Rd7 23. exf6 Bf5 24. Qe5 Rxd3+ 25. Ke1 Na6 26. f7+ Kxf7 27. Qg7+ Ke8 28. Kf2 Qe7 29. Rhe1 Be6 30. Rxe6 Qxe6 31. Re1 Rd2+ 32. Kf1 Rd1 33. Rxd1 Qc8 34. Re1+ Kd8 35. Qe7# 1-0

[Event "European Womens-ch 2025"]
[Site "Rhodes"]
[Date "2025.04.09"]
[Round "9.66"]
[White "Revelioti, Eleni Nefeli"]
[Black "Bania, Eleni"]
[Result "0-1"]
[Annotator "NA"]
[ECO "B28"]
[WhiteElo "1470"]
[BlackElo "1809"]
[PlyCount "98"]
[EventDate "2025.03.29"]
[EventType "swiss"]
[EventCountry "GRE"]
[SourceTitle "playchess.com"]
[Source "ChessBase"]
[SourceQuality "1"]
[TimeControl "40/5400+30:1800+30"]

1. e4 c5 2. Nf3 a6 3. d4 cxd4 4. Nxd4 Nf6 5. Nc3 e5 6. Nf3 Bb4 7. Bd2 O-O 8. Bd3 Nc6 9. O-O d6 10. h3 h6 11. a3 Bxc3 12. Bxc3 Be6 13. Re1 Qc7 14. Qe2 Rad8 15. Bc4 Nd4 16. Nxd4 Bxc4 17. Qe3 exd4 18. Bxd4 Qe7 19. e5 dxe5 20. Bc5 Qc7 21. Bxf8 Kxf8 22. Qxe5 Qxe5 23. Rxe5 Rc8 24. Rae1 Be6 25. R1e2 Nd7 26. R5e3 Ke7 27. f4 Kf6 28. Kh2 Nb6 29. b3 Nd5 30. Rf3 h5 31. c4 Ne7 32. Rc2 Nf5 33. Rd2 h4 34. Rc3 Ng3 35. Rd1 b5 36. c5 Ne4 37. Rcc1 Bxb3 38. Rd3 Bc4 39. Rd4 Nxc5 40. Rd6+ Kf5 41. g3 hxg3+ 42. Kg2 Kxf4 43. Rd4+ Ne4 44. Re1 f5 45. Rd7 g5 46. Rh7 Bd3 47. h4 Rc2+ 48. Kg1 Rh2 49. h5 Nf2 0-1